 Dungeon Crawl Stone Soup version 0.20.0-15-g7f486f2 (webtiles) character file.

346 manyhoops the Gusty (level 6, -5/33 HPs)
             Began as a Tengu Air Elementalist on June 25, 2017.
             Shot with an arrow by a centaur (10 damage)
             ... on level 4 of the Dungeon.
             The game lasted 00:09:16 (2707 turns).

manyhoops the Gusty (Tengu Air Elementalist)        Turns: 2707, Time: 00:09:17

Health: -5/33      AC:  3    Str:  8    XL:     6   Next: 59%
Magic:  12/12      EV: 12    Int: 20    God:
Gold:   126        SH:  0    Dex: 14    Spells: 1/11 levels left

rFire    . . .     SeeInvis .   e - +0 dagger (holy)
rCold    + . .     Gourm    .   (no shield)
rNeg     . . .     Faith    .   a - +0 robe
rPois    .         Spirit   .   (helmet restricted)
rElec    .         Reflect  .   (no cloak)
rCorr    .         Harm     .   t - +0 pair of gloves
MR       .....                  (boots unavailable)
Stlth    +++.......             (no amulet)
Regen    0.2/turn               m - ring of protection from cold
MPRegen  0.2/turn               (no ring)

@: no status effects
A: beak, horns 1, talons 3, camouflage 1, clever 1, able to fly 1
a: Fly


You were on level 4 of the Dungeon.
You were very hungry.

You visited 1 branch of the dungeon, and saw 4 of its levels.

You collected 165 gold pieces.
You spent 39 gold pieces at shops.

Inventory:

Hand Weapons
 e - a +0 dagger of holy wrath (weapon)
Armour
 a - a +0 robe (worn)
 t - a +0 pair of gloves (worn)
Jewellery
 m - a ring of protection from cold (left hand)
Scrolls
 f - 2 scrolls of enchant weapon
 k - a scroll of noise
 n - a scroll of fog
 o - a scroll of recharging
 p - a scroll of teleportation
 q - a scroll of remove curse {unknown}
 r - a scroll of blinking {unknown}
 s - a scroll of fear {unknown}
 u - a scroll of enchant armour {unknown}
Potions
 d - a potion of flight
 j - a potion of resistance
Books
 b - a book of Air

   Spells                             Type                      Level
   a - Shock                          Conjuration/Air              1
   b - Swiftness                      Charms/Air                   2
   c - Static Discharge               Conjuration/Air              3
   d - Airstrike                      Air                          4
   e - Lightning Bolt                 Conjuration/Air              5
Comestibles
 c - 2 bread rations
 g - 3 meat rations
 l - 9 fruits


   Skills:
 - Level 0.4 Fighting
 - Level 4.0 Short Blades
 - Level 2.1 Dodging
 - Level 2.0 Stealth
 + Level 3.4 Spellcasting
 + Level 3.5 Conjurations
 + Level 5.7 Air Magic


You had one spell level left.
You knew the following spells:

 Your Spells              Type           Power        Failure   Level  Hunger
a - Shock                 Conj/Air       ###.         1%          1    None
b - Swiftness             Chrm/Air       ##......     6%          2    ##.....
c - Static Discharge      Conj/Air       ###.....     6%          3    ###....
d - Airstrike             Air            ####......   13%         4    ####...


Dungeon Overview and Level Annotations

Branches:
Dungeon (4/15)
 Temple: D:4-7

Altars:
Fedhas

Shops:
D:4 [*=*

Annotations:
D:4 Blork the orc


Innate Abilities, Weirdness & Mutations

You have a beak for a mouth.
You have claws for feet.
You can fly.
You have a pair of small horns on your head.
Your skin changes colour to match your surroundings (Stealth+).
Your mind is acute. (Int +2)


Message History

* * * LOW HITPOINT WARNING * * *
You feel better.
Blork the orc hits you with a long sword!
* * * LOW HITPOINT WARNING * * *
You feel better.
Blork the orc hits you but does no damage.
As you read the scroll of teleportation, it crumbles to dust.
You feel strangely unstable.
Blork the orc hits you but does no damage.
Blork the orc hits you with a long sword.
* * * LOW HITPOINT WARNING * * *
Your surroundings suddenly seem different.
Found a stone staircase leading down.
An adder comes into view.
A centaur comes into view.
Found 11 gold pieces.
Found a blossoming altar of Fedhas.
The adder hisses angrily.
Found 12 poisoned needles.
The centaur wields a shortbow.
The centaur shoots an arrow.
The arrow hits you!
You die...

#.#########. #....#
###.#.....#... ##....#
......#.... ......#
.#.....P.P P ##....#
##.#..S..P.PcP
##....####...# #..#PP_P
##...........# #....PPP
....♣.♣.♣.♣..###..#..PP.
.....∩.8.∩.....#@.........
....♣.♣.♣.♣..........#..>#
#.#..8...8...#.##.##...#..
..#.♣.♣.♣.♣..#. ... .#....
###..∩.8.∩..## .....#.#.
###.♣.♣.♣.♣........#$. .
............###.#.(#..
.....###...... ..# #<
.....# ####.###


You could see a centaur and an adder.

Vanquished Creatures
  An ogre (D:4)
  A centaur (D:3)
  A bullfrog zombie (D:3)
  An orc wizard (D:3)
  4 gnolls (D:2)
  2 adders
  An ooze (D:2)
  A worm (D:3)
  2 leopard geckos
  6 orcs (D:3)
  2 ball pythons
  4 giant cockroaches
  7 goblins
  6 hobgoblins
  7 jackals
  4 bats
  2 frilled lizards (D:2)
  A jackal skeleton (D:4)
  4 kobolds
  5 rats
62 creatures vanquished.

Notes
Turn   | Place    | Note
-------+----------+-------------------------------------------
     0 | D:1      | manyhoops the Tengu Air Elementalist began the quest for the Orb.
     0 | D:1      | Reached XP level 1. HP: 10/10 MP: 4/4
   240 | D:1      | Reached skill level 1 in Short Blades
   240 | D:1      | Reached XP level 2. HP: 15/15 MP: 6/6
   864 | D:2      | Reached XP level 3. HP: 17/20 MP: 7/7
   930 | D:2      | Reached XP level 4. HP: 14/24 MP: 0/8
  1059 | D:2      | Gained mutation: You are somewhat resistant to further mutation. [potion of mutation]
  1059 | D:2      | Gained mutation: Your spells are a little harder to cast, but a little more powerful. [potion of mutation]
  1060 | D:2      | Lost mutation: Your spells are a little harder to cast, but a little more powerful. [potion of mutation]
  1060 | D:2      | Lost mutation: You are somewhat resistant to further mutation. [potion of mutation]
  1060 | D:2      | Gained mutation: Your skin changes colour to match your surroundings (Stealth+). [potion of mutation]
  1060 | D:2      | Gained mutation: Your mind is acute. (Int +2) [potion of mutation]
  1060 | D:2      | Gained mutation: You have a pair of small horns on your head. [potion of mutation]
  1425 | D:2      | Gained mutation: You can fly. [Tengu growth]
  1425 | D:2      | Reached XP level 5. HP: 8/28 MP: 1/9
  1786 | D:3      | Learned a level 2 spell: Swiftness
  1790 | D:3      | Learned a level 3 spell: Static Discharge
  2076 | D:3      | Noticed a centaur
  2153 | D:3      | Reached skill level 5 in Air Magic
  2156 | D:3      | Killed a centaur
  2156 | D:3      | Reached XP level 6. HP: 17/33 MP: 0/11
  2497 | D:3      | Learned a level 4 spell: Airstrike
  2544 | D:4      | Found Qyugrur's Armour Emporium.
  2549 | D:4      | Found Ypseng's Jewellery Emporium.
  2549 | D:4      | Found Pegaor Xore's Assorted Antiques.
  2663 | D:4      | Found Dises's General Store.
  2667 | D:4      | Noticed Blork the orc
  2672 | D:4      | Bought a scroll of teleportation for 39 gold pieces
  2705 | D:4      | Found a blossoming altar of Fedhas.
  2707 | D:4      | Shot with an arrow by a centaur

Skill      XL: |  1  2  3  4  5 |
---------------+----------------+-----
Short Blades   | 1 2 3 4 |  4.0
Conjurations   | 2 3 |  3.5
Air Magic      | 5 |  5.7
Spellcasting   | 3 |  3.4
Fighting       | |  0.4
Dodging        | |  2.1
Stealth        | |  2.0

Action                   |  1- 3 |  4- 6 || total
-------------------------+-------+-------++-------
Melee: Dagger            |    20 |    24 ||    44
       Unarmed           |     3 |       ||     3
       Kick              |     6 |     2 ||     8
       Peck              |     3 |     1 ||     4
       Headbutt          |       |     3 ||     3
 Cast: Shock             |    32 |    79 ||   111
       Static Discharge  |       |     3 ||     3
       Airstrike         |       |     4 ||     4
       Swiftness         |       |     1 ||     1
  Use: Scroll            |     2 |     6 ||     8
       Potion            |       |     8 ||     8
 Stab: Sleeping          |     2 |     2 ||     4
  Eat: Chunk             |       |     6 ||     6
Armor: Robe              |    10 |    12 ||    22
Dodge: Dodged            |    13 |    33 ||    46
